 Dungeon Crawl Stone Soup version 0.31-a0-185-g9dded2c639 (webtiles) character file.

Game seed: 12887593586166912724

53 qw the Shooter (level 3, -2/20 HPs)
             Began as a Deep Elf Hunter on June 22, 2023.
             Slain by Sigmund
             ... wielding a +0 scythe
              (5 damage)
             ... on level 2 of the Dungeon.
             The game lasted 00:00:22 (948 turns).

qw the Shooter (Deep Elf Hunter)                     Turns: 948, Time: 00:00:23

Health: -2/20      AC:  4    Str: 10    XL:     3   Next: 64%
Magic:  5/5        EV: 12    Int: 13    God:
Gold:   131        SH:  5    Dex: 18    Spells: 2/2 levels left

rFire   . . .        Y - +0 shortbow
rCold   . . .        (shield currently unavailable)
rNeg    . . .        c - +0 leather armour
rPois   .            (no helmet)
rElec   .            (no cloak)
rCorr   .            d - +0 pair of gloves
SInv    .            (no boots)
Will    .....        i - amulet of reflection
Stlth   ++           (no ring)
HPRegen 0.23/turn    (no ring)
MPRegen 0.09/turn

%: reflection
@: no status effects
A: no striking features
a: no special abilities


You were on level 2 of the Dungeon.
You visited 1 branch of the dungeon, and saw 2 of its levels.

You collected 131 gold pieces.


   Skills:
 - Level 1.5 Fighting
 + Level 7.1 Ranged Weapons
 - Level 2.4 Dodging
 - Level 1.2 Stealth


You had 2 spell levels left.
You didn't know any spells.
Your spell library was empty.

Inventory:

Hand Weapons
 Y - a +0 shortbow (weapon)
Armour
 c - a +0 leather armour (worn)
 d - a +0 pair of gloves (worn)
Jewellery
 i - an amulet of reflection (around neck)
Scrolls
 a - a scroll of enchant weapon {unknown}
 b - a scroll of noise {unknown}
 f - a scroll of identify
Potions
 e - 2 potions of resistance {unknown}
 g - a potion of curing

Dungeon Overview and Level Annotations

Branches:
Dungeon (2/15)

Altars:
Fedhas

Annotations:
D:2 Sigmund


Message History

A dart slug comes into view.
You shoot an arrow. The arrow closely misses the jackal.
The jackal bites you.
Sigmund casts a spell.
Sigmund flickers and vanishes!
Deactivating autopickup; reactivate with Ctrl-A.
The jackal bites you but does no damage.
You shoot an arrow. The arrow closely misses the jackal.
The arrow hits the dart slug but does no damage.
The jackal closely misses you.
You shoot an arrow. The arrow barely misses the jackal.
The arrow hits the dart slug.
The dart slug is lightly wounded.
The jackal completely misses you. The jackal closely misses you.
You shoot an arrow. The arrow completely misses the jackal.
The arrow barely misses the dart slug.
The jackal closely misses you.
You shoot an arrow. The arrow closely misses the jackal.
The arrow hits the dart slug.
The dart slug is moderately wounded.
The jackal bites you. The jackal barely misses you.
You shoot an arrow. The arrow hits the jackal.
You kill the jackal!
You shoot an arrow. The arrow hits the dart slug.
The dart slug is heavily wounded.
The dart slug launches a dart at you. The slug dart misses you.
You shoot an arrow. The arrow hits the dart slug.
You kill the dart slug!
Something hits you.
You shoot an arrow.
You hear some strange, mumbled words.
A puff of flame appears from out of thin air!
The puff of flame hits you!
Ouch! That really hurt!
You shoot an arrow. Something hits you!
You shoot an arrow. Something hits you.
You die...

#..# # ... #......
... #..#..###.#
#...... ...
#..#..###%## #
#.......{.. #.
#.##..# #%# .
#.##.##..###@###....
#.#................
##
#.#.......<....##.
#.# ##......######.#
#.###.#.#.#.# #
#.#.##.#.....
#.....###.###
##...........
##.#.#####.###


There were no monsters in sight!

Vanquished Creatures
  A gnoll (D:1)
  2 dart slugs (D:2)
  3 ball pythons
  3 bats (D:1)
  4 endoplasms
  A giant cockroach (D:1)
  3 goblins (D:1)
  3 hobgoblins (D:1)
  5 jackals
  2 quokkas (D:1)
  3 frilled lizards
  A kobold (D:1)
  4 rats
35 creatures vanquished.

Notes
Turn   | Place    | Note
-------+----------+-------------------------------------------
     0 | D:1      | qw the Deep Elf Hunter began the quest for the Orb.
     0 | D:1      | Reached XP level 1. HP: 12/12 MP: 3/3
     0 | D:1      | 0 ||| qw: Version: 0.3-a-9-g12657ce
     0 | D:1      | 0 ||| qw: Game counter: 1862
     0 | D:1      | 0 ||| qw: Always use a shield: true
     0 | D:1      | 0 ||| qw: God list: Okawaru
     0 | D:1      | 0 ||| qw: Allow faded altars: false
     0 | D:1      | 0 ||| qw: Do Orc after D:15 true
     0 | D:1      | 0 ||| qw: Do second Lair branch before Depths: true
     0 | D:1      | 0 ||| qw: Lair rune preference: random
     0 | D:1      | 0 ||| qw: Plans: Normal
     0 | D:1      | 0 ||| PLANNING D:1-11
    30 | D:1      | Reached skill level 6 in Ranged Weapons
    30 | D:1      | Reached XP level 2. HP: 16/16 MP: 4/4
   252 | D:1      | Reached XP level 3. HP: 20/20 MP: 5/5
   639 | D:1      | 639 ||| UPGRADING to +0 pair of gloves.
   644 | D:1      | 644 ||| UPGRADING to amulet of reflection.
   649 | D:1      | 649 ||| READING 2 scrolls labelled HAVUR GIME.
   650 | D:1      | 650 ||| READING 2 scrolls labelled TIPLUCWEQY.
   651 | D:1      | 651 ||| READING scroll labelled ANAFOC WUASYUS.
   655 | D:1      | 655 ||| DRINKING 2 lumpy puce potions.
   656 | D:1      | 656 ||| DROPPING scroll of fog.
   657 | D:1      | 657 ||| DROPPING scroll of butterflies.
   688 | D:2      | Found a blossoming altar of Fedhas.
   814 | D:2      | Reached skill level 7 in Ranged Weapons
   937 | D:2      | Noticed Sigmund
   947 | D:2      | HP: 2/20 [something (7)]
   948 | D:2      | Slain by Sigmund

Levels and vault maps discovered:
D:1:      saegor_arrival_simple_b, layout_loops_ring, st_stairs_13,
          minmay_misc_feat_enclosed
D:2:      layout_loops_ring, basic_altar, uniq_sigmund

Skill      XL: |  1  2  3 |
---------------+----------+-----
Ranged Weapons | 6 7 |  7.1
Fighting       | |  1.5
Dodging        | |  2.4
Stealth        | |  1.2

Action                     || total
---------------------------++-------
   Fire: Shortbow          ||    82
    Use: Scroll            ||     3
         Potion            ||     1
 Armour: Leather armour    ||     4
  Dodge: Dodged            ||    19
  Block: Other             ||     2

Table legend:
 A = Non-vault XP
 B = Vault XP
 C = Vault XP percentage of total XP
 D = Non-vault monster count
 E = Vault monster count
 F = Vault count percentage of total count
                 A         B        C        D         E       F
            +---------+---------+-------+---------+---------+-------
      Total |      76 |       1 |   1.3 |      34 |       1 |   2.9
            +---------+---------+-------+---------+---------+-------
        D:1 |      58 |       1 |   1.7 |      26 |       1 |   3.7
        D:2 |      18 |       0 |   0.0 |       8 |       0 |   0.0
            +---------+---------+-------+---------+---------+-------
